Map: Abyssal Reef LE

Players

effecto

  • Race: Terran Terran
  • League: Master
  • Spawn Location: 5:00

Railgan - Winner!

  • Race: Zerg Zerg
  • League: Grandmaster
  • Spawn Location: 11:00

VOD

Have the link to the VOD?

Description

Time

  • Played on: Feb. 27, 2017, 4:31 p.m.
  • Length: 13:32
Show
View Real Time Build Order
Export as new Build Order

effecto Terran 

Build Orders:  

Get SALT Encoding   

  12  0:01  SCV  
  13  0:13  SCV  
  14  0:18  Supply Depot  
  14  0:25  SCV  
  15  0:39  SCV  
  15  0:41  Barracks  
  16  0:52  SCV  
  17  1:04  SCV  
  18  1:16  SCV  
  19  1:21  Command Center  
  19  1:28  Marine  
  20  1:33  Orbital Command  
  20  1:46  Marine  
  21  1:47  Bunker  
  21  1:59  Supply Depot  
  21  2:00  SCV  
  21  2:04  Marine  
  21  2:05  Refinery  
  21  2:07  Refinery  
  22  2:12  SCV  
  23  2:22  Marine, Supply Depot  
  24  2:26  SCV  
  25  2:34  Orbital Command  
  25  2:40  Marine, SCV  
  27  2:53  SCV  
  28  3:03  SCV  
  28  3:05  SCV  
  28  3:06  Barracks Reactor  
  28  3:10  Factory  
  28  3:15  SCV  
  28  3:16  Supply Depot  
  28  3:17  SCV  
  30  3:27  SCV  
  30  3:30  SCV  
  32  3:35  Command Center  
  32  3:41  SCV  
  32  3:42  SCV  
  34  3:53  SCV  
  34  3:54  Barracks Tech Lab, SCV  
  36  3:56  Starport  
  36  4:04  Hellion x2  
  36  4:05  Supply Depot  
  36  4:07  SCV x2  
  42  4:20  SCV x2  
  44  4:26  Hellion x2  
  48  4:33  Refinery, SCV x2  
  48  4:34  Refinery  
  50  4:42  Armory  
  50  4:43  Armory  
  50  4:45  Engineering Bay  
  50  4:49  Hellion  
  50  4:50  Hellion  
  50  4:51  SCV x2  
  57  4:55  Viking  
  58  5:00  Orbital Command  
  58  5:05  SCV x2  
  60  5:17  Missile Turret  
  60  5:21  SCV x2  
  62  5:23  Missile Turret  
  62  5:24  Missile Turret  
  62  5:28  Raven  
  62  5:30  Terran Vehicle Weapons Level 1  
  62  5:31  Terran Vehicle And Ship Armor Level 1  
  62  5:33  SCV  
  66  5:41  Hellion x2  
  69  5:48  SCV x2  
  70  5:57  Factory  
  70  5:58  Factory  
  70  6:11  Widow Mine x2  
  68  6:13  Raven  
  68  6:20  Missile Turret  
  68  6:21  SCV x2  
  68  6:23  Missile Turret  
  68  6:24  Supply Depot  
  68  6:25  Supply Depot  
  66  6:40  Hellion x2  
  66  6:41  Missile Turret, Factory Tech Lab x2  
  70  6:48  Orbital Command  
  69  6:54  Missile Turret  
  69  6:56  SCV x2  
  69  7:00  Infernal Pre-Igniter, Thor x2  
  82  7:02  Hellion  
  82  7:05  Hellion  
  84  7:31  Hellion x2  
  84  7:34  Terran Vehicle And Ship Armor Level 2, Supply Depot, Terran Vehicle Weapons Level 2  
  84  7:38  Orbital Command  
  84  7:39  Starport Reactor  
  80  7:52  Hellion x3  
  80  7:53  Hellion, SCV x2  
  80  7:57  Missile Turret  
  90  8:04  Factory, Supply Depot  
  90  8:05  SCV x2  
  92  8:08  Refinery  
  92  8:09  Supply Depot  
  92  8:11  Refinery, SCV  
  93  8:14  Hellion  
  93  8:17  Missile Turret, SCV  
  93  8:19  Bunker  
  96  8:21  Missile Turret  
  96  8:22  Siege Tank  
  96  8:24  Siege Tank  
  102  8:28  SCV x2  
  102  8:32  SCV  
  105  8:40  SCV  
  106  8:42  Hellion x2  
  106  8:43  Medivac x2  
  107  8:53  SCV x2  
  109  8:58  SCV  
  109  9:02  Missile Turret  
  107  9:03  Missile Turret  
  107  9:04  Missile Turret  
  107  9:05  Siege Tank x2, Hellion x2, SCV x2  
  117  9:24  Siege Tank, SCV x2  
  118  9:26  Hellion  
  118  9:27  Hellion  
  117  9:32  Supply Depot x2  
  117  9:35  SCV  
  117  9:36  SCV x2  
  117  9:37  Siege Tank  
  120  9:44  Missile Turret  
  120  9:46  Medivac x2  
  120  9:49  Hellion x2  
  128  9:59  Missile Turret  
  128  10:00  Missile Turret  
  128  10:06  Missile Turret  
  128  10:10  Hellion x2  
  132  10:15  Terran Vehicle Weapons Level 3  
  132  10:17  Terran Ship Weapons Level 1  
  129  10:21  Orbital Command  
  129  10:41  Siege Tank x2  
  129  10:42  Hellion x2  
  139  10:49  Siege Tank  
  142  11:03  Hellion  
  110  11:15  Siege Tank  
  110  11:16  Siege Tank, Hellion  
  118  11:21  Hellion  
  120  11:27  SCV  
  120  11:28  SCV x2  
  121  11:50  Hellion  
  121  11:51  Hellion  
  123  11:56  Command Center  
  85  12:18  Siege Tank x2  
  85  12:19  Siege Tank  
  85  12:20  Hellion x2  
  80  12:41  Hellion x2  
  81  12:50  Siege Tank  
  81  12:51  Siege Tank  
  79  13:05  Command Center  
Show
View Real Time Build Order
Export as new Build Order

Railgan Zerg - Winner!

Build Orders: Pool First, Muta Ling Bane 

Get SALT Encoding   

  12  0:00  Drone  
  13  0:12  Overlord  
  13  0:17  Drone  
  14  0:31  Drone x2  
  14  0:34  Drone  
  17  0:46  Drone  
  17  0:48  Spawning Pool  
  17  0:56  Drone  
  18  1:12  Hatchery  
  18  1:14  Extractor  
  18  1:16  Drone  
  17  1:23  Drone  
  18  1:35  Zergling x2  
  18  1:36  Queen  
  21  1:43  Drone  
  22  1:50  Overlord  
  22  2:09  Drone  
  22  2:13  Drone, Queen  
  26  2:23  Drone, Metabolic Boost  
  26  2:25  Queen  
  26  2:28  Drone  
  30  2:33  Drone  
  30  2:36  Drone  
  32  2:45  Overlord  
  32  2:46  Drone x3  
  32  2:50  Drone  
  35  3:07  Lair, Drone  
  35  3:08  Drone x3  
  39  3:18  Drone x2  
  41  3:25  Extractor  
  40  3:27  Extractor  
  40  3:32  Drone x2  
  41  3:36  Drone x2, Overlord  
  41  3:39  Drone  
  44  3:44  Overlord  
  44  3:56  Drone x2  
  44  3:57  Zergling x4  
  48  4:03  Drone  
  48  4:04  Hatchery  
  48  4:05  Drone  
  48  4:07  Extractor, Drone x2  
  48  4:09  Spire, Overlord  
  49  4:11  Drone  
  49  4:12  Overseer  
  49  4:17  Drone x2  
  52  4:23  Drone  
  53  4:33  Zergling x6  
  53  4:36  Zergling x2  
  57  4:40  Baneling Nest  
  56  4:52  Zergling x12  
  62  5:05  Overlord  
  62  5:22  Mutalisk x6  
  62  5:23  Mutalisk  
  62  5:24  Overlord  
  62  5:25  Drone x2, Queen  
  62  5:27  Drone  
  81  5:35  Drone  
  81  5:37  Overlord  
  81  5:48  Drone  
  81  5:49  Drone x5  
  87  5:55  Drone x3  
  90  6:00  Extractor  
  90  6:02  Spore Crawler  
  86  6:05  Drone  
  86  6:06  Drone x2  
  88  6:13  Drone x2  
  88  6:17  Drone  
  91  6:21  Drone x2  
  93  6:26  Spore Crawler  
  93  6:27  Spore Crawler  
  93  6:28  Infestation Pit, Drone x2  
  93  6:29  Evolution Chamber x2  
  93  6:31  Drone  
  93  6:32  Extractor  
  90  6:38  Drone x7  
  97  6:40  Overlord, Burrow  
  97  6:41  Overlord  
  97  6:43  Hatchery  
  97  6:44  Drone  
  97  6:50  Overlord  
  97  6:52  Overlord  
  97  6:59  Drone x3  
  100  7:03  Zerg Missile Weapons Level 1, Zerg Ground Armor Level 1  
  100  7:06  Pathogen Glands  
  100  7:07  Hive  
  100  7:10  Drone  
  100  7:13  Zerg Flyer Armor Level 1  
  101  7:39  Swarm Host x3  
  101  7:41  Overlord x4  
  128  7:49  Overlord  
  128  7:51  Pneumatized Carapace  
  128  7:57  Drone  
  130  7:58  Drone x5  
  130  7:59  Drone, Hatchery  
  130  8:00  Drone  
  131  8:13  Drone x2  
  131  8:18  Drone  
  134  8:21  Ultralisk Cavern  
  134  8:23  Drone x3  
  134  8:24  Drone, Evolution Chamber  
  134  8:25  Drone x6  
  142  8:29  Extractor x2  
  142  8:31  Centrifical Hooks  
  140  8:59  Zergling x18  
  140  9:01  Zergling x16  
  153  9:40  Ultralisk  
  153  9:41  Zerg Melee Weapons Level 1, Ultralisk x3  
  153  9:42  Zerg Ground Armor Level 2  
  153  9:43  Chitinous Plating, Overlord, Greater Spire  
  177  9:45  Overlord  
  177  9:48  Overlord  
  177  9:49  Baneling, Overlord  
  177  9:50  Baneling x9  
  177  9:54  Zergling x2  
  174  10:00  Baneling x2  
  174  10:01  Baneling x2  
  174  10:04  Ultralisk x2  
  183  10:09  Baneling x12  
  183  10:13  Zergling x18  
  192  10:28  Ultralisk  
  192  10:30  Zergling x4  
  200  10:35  Overlord  
  190  11:08  Zergling x6  
  190  11:09  Zergling x10  
  190  11:10  Ultralisk x4  
  189  11:13  Ultralisk  
  189  11:14  Ultralisk, Zergling x12  
  189  11:15  Zergling x4  
  191  11:22  Zergling x4  
  193  11:26  Zergling x2  
  193  11:29  Ultralisk  
  193  11:32  Baneling  
  194  11:33  Zergling x6  
  173  11:42  Ultralisk  
  173  11:43  Zergling x4  
  175  11:51  Baneling x4  
  167  12:05  Corruptor  
  167  12:06  Corruptor x2  
  167  12:07  Drone  
  173  12:09  Ultralisk, Zergling x12  
  185  12:16  Zergling x2  
  185  12:17  Zergling x2  
  185  12:21  Hatchery  
  183  12:30  Ultralisk  
  183  12:33  Extractor, Ultralisk, Zergling x2  
  183  12:34  Extractor, Zergling x6  
  181  12:40  Hatchery, Ultralisk  
  183  12:48  Zergling x2  
  183  12:50  Zergling x8  
  182  12:52  Zergling x8  
  182  12:58  Drone  
  181  12:59  Drone  
  179  13:10  Zergling x2  
Tags
 
Add a new tag
Caveats
  • Supply blocks, unpowered buildings, or Contaminate may cause inaccurate times.
  • Supply counts are checked every 10 seconds.